 Dungeon Crawl Stone Soup version 0.29.1-12-g30fa7ad0bf (webtiles) character file.

Game seed: 3379791689155326864

66 Hrothgar the Chopper (level 4, 0/35 HPs)
             Began as a Human Berserker on Jan 7, 2023.
             Was a Follower of Trog.
             Slain by a hound (1 damage)
             ... on level 4 of the Dungeon.
             The game lasted 00:06:18 (2070 turns).

Hrothgar the Chopper (Human Berserker)              Turns: 2070, Time: 00:06:18

Health: 0/35       AC:  6    Str: 19    XL:     4   Next: 37%
Magic:  4/4        EV:  8    Int:  8    God:    Trog [*.....]
Gold:   33         SH:  6    Dex: 12    Spells: 3/3 levels left

rFire   . . .      SeeInvis .   a - +0 hand axe
rCold   . . .      Faith    .   k - +0 kite shield
rNeg    . . .      Spirit   .   f - +0 scale mail
rPois   .          Reflect  .   (no helmet)
rElec   .          Harm     .   (no cloak)
rCorr   .          Rampage  .   (no gloves)
Will    .....                   (no boots)
Stlth   ..........              (no amulet)
HPRegen 0.11/turn               (no ring)
MPRegen 0.09/turn               (no ring)

@: no status effects
A: no striking features
a: Renounce Religion, Berserk


You were on level 4 of the Dungeon.
You worshipped Trog.
Trog was aware of your devotion.
You visited 1 branch of the dungeon, and saw 4 of its levels.

You collected 89 gold pieces.
You spent 56 gold pieces at shops.

Inventory:

Hand Weapons
 a - a +0 hand axe (weapon)
Armour
 b - a +0 animal skin
 f - a +0 scale mail (worn)
 k - a +0 kite shield (worn)
Wands
 e - a wand of polymorph (5)
 g - a wand of roots (3)
 l - a wand of flame (15)
Scrolls
 d - a scroll of fog
 i - 3 scrolls of immolation
Potions
 c - a potion of degeneration
 h - a potion of magic
 j - a potion of berserk rage {unknown}
 m - a potion of lignification


   Skills:
 * Level 3.5 Fighting
 * Level 3.8 Axes
 * Level 2.3 Armour
 * Level 2.1 Dodging
 * Level 1.4 Stealth
 * Level 0.3 Evocations


You had 3 spell levels left.
You didn't know any spells.
Your spell library was empty.

Dungeon Overview and Level Annotations

Branches:
Dungeon (4/15)
 Temple: D:4-7

Altars:
Ashenzari
Fedhas
Trog

Shops:
D:2 =(*

Annotations:
D:3 exclusion: oklob plant


Message History

The hobgoblin hits you.
You hit the hobgoblin.
The hobgoblin is severely wounded.
You hit the hound. The hound bites you but does no damage.
The hound barely misses you. You block the hobgoblin's attack.
You hit the hobgoblin.
The hobgoblin is almost dead.
You miss the hound. You block the hound's attack.
The hobgoblin hits you but does no damage.
You block the hound's attack.
The hobgoblin hits you but does no damage.
You closely miss the hound.
The hound is moderately wounded.
You hit the hobgoblin.
You kill the hobgoblin!
Trog accepts your kill. The hound closely misses you.
The hound barely misses you.
You barely miss the hound.
The hound is moderately wounded.
The hound completely misses you. The hound barely misses you.
The hound bites you. x2
You see here a hobgoblin corpse.
You block the hound's attack.
You closely miss the hound.
The hound is moderately wounded.
The hound bites you. The hound closely misses you.
You completely miss the hound.
The hound is moderately wounded.
You hit the worm. The hound barely misses you.
The hound bites you but does no damage. The worm bites you.
* * * LOW HITPOINT WARNING * * *
You hit the hound.
The hound is moderately wounded.
You hit the worm but do no damage. The hound bites you but does no damage.
The hound bites you.
* * * LOW HITPOINT WARNING * * *
The worm bites you!
* * * LOW HITPOINT WARNING * * *
The hound bites you.
You die...

..............
..............
.............
#......... .
........ ... #....#
....##....#
#....w.h#
...##....@##
..##.)....#
.......<..########
.....#.#..:.>....#
...!..#.#.........#
...(..#.#.........#
.?.##...#.........#
.. .##...<.....# ..
#.....†...#


You could see a worm and a hound.

Vanquished Creatures
  A gnoll (D:3)
  An adder (D:3)
  2 dart slugs
  2 orcs (D:3)
  4 ball pythons
  4 endoplasms
  A giant cockroach (D:4)
  2 goblins
  4 hobgoblins
  3 quokkas
  3 bats
  3 frilled lizards
  4 kobolds
  7 rats
41 creatures vanquished.

Notes
Turn   | Place    | Note
-------+----------+-------------------------------------------
     0 | D:1      | Hrothgar the Human Berserker began the quest for the Orb.
     0 | D:1      | Reached XP level 1. HP: 18/18 MP: 1/1
   164 | D:1      | Reached XP level 2. HP: 24/24 MP: 2/2
   483 | D:2      | Found Tickept's Jewellery Shop.
   543 | D:2      | Found Fixaq's Antique Weapon Emporium.
   975 | D:2      | Reached XP level 3. HP: 22/29 MP: 3/3
   990 | D:2      | Found Omyas's General Store.
  1001 | D:2      | Bought a scroll of identify for 28 gold pieces
  1001 | D:2      | Bought a scroll of identify for 28 gold pieces
  1050 | D:3      | Noticed Jessica
  1052 | D:3      | Noticed Jessica
  1052 | D:3      | Jessica changed into Jessica the endoplasm
  1055 | D:3      | Killed Jessica the endoplasm
  1056 | D:3      | Reached skill level 1 in Stealth
  1161 | D:3      | Found a broken altar of Ashenzari.
  1495 | D:3      | Noticed Terence
  1501 | D:3      | Noticed Terence
  1501 | D:3      | Terence changed into Terence the gnoll
  1511 | D:3      | Killed Terence the gnoll
  1726 | D:3      | Reached XP level 4. HP: 35/35 MP: 4/4
  1776 | D:3      | Found a blossoming altar of Fedhas.
  1791 | D:3      | Noticed an oklob plant
  1874 | D:3      | Found a bloodstained altar of Trog.
  2069 | D:4      | HP: 1/35 [worm (8)]
  2070 | D:4      | Slain by a hound

Illustrated notes

Levels and vault maps discovered:
D:1:      ncdulo_lavacross, layout_loops_corners, minmay_misc_feat_nine_boxes
D:2:      layout_loops_ring, hellmonk_ecumenical_altar_lost_god, serial_shops,
          shop, shop, nicolae_lakefront_shop, nicolae_shop_crystal,
          nicolae_shop_waterfront, kennysheep_generic_room_13
D:3:      layout_loops_ring, lemuel_doored_altar, trog_butcher_becter,
          tgw_fedhas, amcnicky_mini_pool_small, glass_columns_a, uniq_grinder,
          uniq_terence, uniq_jessica
D:4:      layout_rooms

Skill      XL: |  1  2  3 |
---------------+----------+-----
Stealth        | 1 |  1.4
Fighting       | |  3.5
Axes           | |  3.8
Armour         | |  2.3
Dodging        | |  2.1
Evocations     | |  0.3

Action                   |  1- 3 |  4- 6 || total
-------------------------+-------+-------++-------
Melee: Hand axe          |   104 |    42 ||   146
Invok: Berserk           |     1 |       ||     1
Evoke: Wand              |     4 |       ||     4
  Use: Scroll            |     7 |       ||     7
Armor: Animal skin       |     9 |       ||     9
       Scale mail        |    12 |    19 ||    31
Dodge: Dodged            |    69 |    24 ||    93
Block: Kite shield       |       |     4 ||     4
